cohdb
Replays
Latest Replays
All Replays
Popular Replays
Top Player Replays
Match Explorer
How It Works
Community
CoH3 Stats
Reddit
Sign in to upload your games and track your stats! →
Sign in with Steam
Match 42787375
Unlisted
Match 42787375
Overview
Messages
Build Orders
End
Construct Barracks
Riflemen Squad
Riflemen Squad
Riflemen Squad
Grenade Package
Infantry Support Center
Selects Advanced Infantry Battlegroup
Selects Convert to Ranger Squad
Selects Frontline Medical Station
Frontline Medical Station
M1918 Browning Automatic Rifles
Construct Motor Pool
M1 Anti-tank Gun Team
Selects Infantry Assault
Infantry Assault
Construct Tank Depot
Infantry Assault
KlugE
g3org391
[OldMetal]Mario
[82AD]Cannonfodderbob
triball
Valar[M]orgHulis
AзИз BoP ЧёPнЫx ПpИoP
moon star-TR
0
0
Comments
sign in to comment!
No comments posted yet!